 Dungeon Sprint DCSS version 0.25.1-2-g60ff931df9 (webtiles) character file.

Game seed: 4626189926767002956

24 lepoulpe303 the Sneak (level 2, -22/16 HPs)
             Began as a Spriggan Assassin on Sept 27, 2020.
             Annihilated by an ogre
             ... wielding a +0 giant spiked club
              (23 damage)
             ... in the Dungeon (Sprint I: "Red Sonja").
             The game lasted 00:00:46 (34 turns).

lepoulpe303 the Sneak (Spriggan Assassin)             Turns: 34, Time: 00:00:46

Health: -22/16     AC:  3    Str:  7    XL:     2   Next: 79%
Magic:  3/3        EV: 18    Int: 12    God:
Gold:   0          SH:  0    Dex: 17    Spells: 1/1 levels left

rFire    . . .     SeeInvis +   a - +2 dagger
rCold    . . .     Gourm    .   (shield restricted)
rNeg     . . .     Faith    .   b - +0 robe
rPois    .         Spirit   .   (helmet restricted)
rElec    .         Reflect  .   c - +0 cloak
rCorr    .         Harm     .   (gloves unavailable)
MR       .....     NoTele   +   (boots unavailable)
Stlth    ++++......             (no amulet)
HPRegen  0.05/turn              (no ring)
MPRegen  0.08/turn              (no ring)

@: very quick
A: very small, unfitting armour, see invisible, herbivore, speed 3, slow
metabolism 2
a: no special abilities


You were in the Dungeon.
You were not hungry.

You visited 1 branch

Inventory:

Hand Weapons
 a - a +2 dagger (weapon)
Missiles
 d - 5 poisoned darts (quivered)
 f - 2 curare-tipped darts
Armour
 b - a +0 robe (worn)
 c - a +0 cloak (worn)
Scrolls
 i - a scroll of blinking {!r}
Potions
 h - a potion of haste
 j - 2 potions of magic
 k - a potion of berserk rage {!q}
 l - a potion of heal wounds
 q - a potion of curing
Comestibles
 e - a ration


   Skills:
 * Level 2.8 Fighting
 * Level 3.7 Short Blades
 + Level 2.7 Throwing
 + Level 3.1 Dodging
 * Level 7.3 Stealth


You had one spell level left.
You didn't know any spells.
Your spell library was empty.

Dungeon Overview and Level Annotations

Branches:
Dungeon (1/1)

Altars:

Annotations:
D Sigmund


Innate Abilities, Weirdness & Mutations

You are very small and have problems with some larger weapons.
You are too small for most types of armour.
You have supernaturally acute eyesight. (SInv)
You are a herbivore.
You cover ground extremely quickly.
You need to consume almost no food.


Message History

You see here a poisoned dart.
You open the door. As you open the door, it creaks loudly!
Sigmund the Dreaded comes into view.
He is wielding a +0 scythe and wearing a +2 robe of resistance.
The ogre completely misses you.
You hit the ogre.
Sigmund points at you and mumbles some strange words.
The magic dart hits you!
Ouch! That really hurt!
* * * LOW HITPOINT WARNING * * *
You take 9 damage, and have 7/16 hp.
MASSIVE DAMAGE!!
The ogre hits you but does no damage.
You see here a poisoned dart.
Sigmund casts a spell at you. The magic dart hits you.
* * * LOW HITPOINT WARNING * * *
The ogre hits you with a +0 giant spiked club!!
Ouch! That really hurt!
You die...

########## ##
#<.#.[O@.#..+
#..(..#..@..#
#..#####'####
#..# $$# #.(#
#### #..#
#⌠⌠# ####


You could see Sigmund and an ogre (very poisoned).

Levels and vault maps discovered:
D:        dungeon_sprint_1 [red_sonja_temple_1, red_sonja_temple_small_1]

Notes
Turn   | Place    | Note
-------+----------+-------------------------------------------
     0 | D        | lepoulpe303 the Spriggan Assassin began the quest for the
                  | Orb.
     0 | D        | Reached XP level 1. HP: 10/10 MP: 2/2
     2 | D        | Identified a +0 chain mail
     2 | D        | Noticed Ijyb
     4 | D        | Killed Ijyb
     4 | D        | Reached skill level 2 in Fighting
     4 | D        | Reached skill level 3 in Short Blades
     4 | D        | Reached skill level 3 in Dodging
     4 | D        | Reached skill level 7 in Stealth
     4 | D        | Reached XP level 2. HP: 16/16 MP: 3/3
     6 | D        | Identified a +0 giant spiked club
     6 | D        | Noticed an ogre
    29 | D        | Identified a +0 scythe
    29 | D        | Identified a +2 robe of resistance
    29 | D        | Noticed Sigmund
    34 | D        | HP: 1/16 [Sigmund/magic dart (6)]
    34 | D        | Annihilated by an ogre

Table legend:
 A = Turns spent in this place as a percentage of turns spent in the entire game.
 B = Non-inter-level travel turns spent in this place as a percentage of non-inter-level travel turns spent in the entire game.
 C = Inter-level travel turns spent in this place as a percentage of turns spent in this place.
 D = Turns resting spent in this place as a percentage of non-inter-level travel turns spent in this place.
 E = Turns spent auto-exploring this place as a percentage of non-inter-level travel turns spent in this place.
 F = Non-inter-level travel turns spent in this place divided by the number of levels of this place that you've seen.
                   A       B       C       D       E      F
               +-------+-------+-------+-------+-------+----------------------
         Total | 100.0 | 100.0 |   0.0 |   0.0 |   0.0 |  34.0
       Dungeon | 100.0 | 100.0 |   0.0 |   0.0 |   0.0 |  34.0
               +-------+-------+-------+-------+-------+----------------------

Table legend:
 A = Kills in this place as a percentage of kills in entire the game.
 B = Kills by you in this place as a percentage of kills by you in the entire game.
 C = Kills by friends in this place as a percentage of kills by friends in the entire game.
 D = Other kills in this place as a percentage of other kills in the entire game.
 E = Experience gained in this place as a percentage of experience gained in the entire game.
 F = Experience gained in this place divided by the number of levels of this place that you have seen.
                   A       B       C       D       E      F
               +-------+-------+-------+-------+-------+----------------------
         Total | 100.0 | 100.0 |   N/A |   N/A | 100.0 |  35.0
       Dungeon | 100.0 | 100.0 |   N/A |   N/A | 100.0 |  35.0
               +-------+-------+-------+-------+-------+----------------------

Skill      XL: |  1 |
---------------+----+-----
Fighting       | 2 |  2.8
Short Blades   | 3 |  3.7
Dodging        | 3 |  3.1
Stealth        | 7 |  7.3
Throwing       | |  2.7

Action                   || total
-------------------------++-------
Melee: Dagger            ||     2
Throw: Dart              ||     3
 Stab: Sleeping          ||     1
Dodge: Dodged            ||     2

Vanquished Creatures
  Ijyb (D)
1 creature vanquished.
